[Event "FICS rated blitz game"]
[Site "FICS freechess.org"]
[FICSGamesDBGameNo "20003060"]
[White "deathbird"]
[Black "Rpantherii"]
[WhiteElo "1051"]
[BlackElo "1086"]
[WhiteRD "na"]
[BlackRD "na"]
[TimeControl "120+12"]
[Date "1999.10.25"]
[Time "17:44:00"]
[WhiteClock "0:02:00.000"]
[BlackClock "0:02:00.000"]
[ECO "A40"]
[PlyCount "87"]
[Result "1-0"]

1. d4 Nc6 2. Bf4 Nxd4 3. Qxd4 d6 4. Nc3 e5 5. Bxe5 dxe5 6. Qxe5+ Be7 7. e3 f6 8. Qg3 Nh6 9. Qxg7 Nf7 10. Bc4 Rf8 11. Nge2 Ng5 12. Qh6 Bf5 13. O-O Bxc2 14. h4 Ne4 15. Qh5+ Kd7 16. Nxe4 Bxe4 17. Rad1+ Bd6 18. Nd4 Kc8 19. Qg4+ Qd7 20. Qxe4 Rg8 21. Qxh7 Qxh7 22. Bxg8 Qxg8 23. a3 b6 24. b4 Qg4 25. g3 Kb7 26. b5 f5 27. a4 f4 28. f3 fxg3 29. fxg4 Rh8 30. h5 Rg8 31. Kg2 Rxg4 32. Rh1 Rg5 33. h6 Rg8 34. h7 Rh8 35. Nf3 a6 36. bxa6+ Kxa6 37. Ng5 b5 38. axb5+ Kxb5 39. Nf7 c6 40. Nxh8 Be5 41. Nf7 c5 42. Nxe5 c4 43. Rb1+ Kc5 44. h8=Q {Black resigns} 1-0

[Event "FICS rated blitz game"]
[Site "FICS freechess.org"]
[FICSGamesDBGameNo "20003059"]
[White "rpmcmurphy"]
[Black "Zerr"]
[WhiteElo "1270"]
[BlackElo "1314"]
[WhiteRD "na"]
[BlackRD "na"]
[TimeControl "300+0"]
[Date "1999.10.25"]
[Time "17:43:00"]
[WhiteClock "0:05:00.000"]
[BlackClock "0:05:00.000"]
[ECO "B21"]
[PlyCount "94"]
[Result "0-1"]

1. e4 c5 2. d4 cxd4 3. c3 dxc3 4. Nxc3 Nc6 5. Nf3 d6 6. Bc4 e6 7. O-O Be7 8. Re1 Qc7 9. Qe2 Nf6 10. e5 dxe5 11. Nxe5 Nxe5 12. Qxe5 Qxc4 13. Qb5+ Qxb5 14. Nxb5 O-O 15. Nc7 Rb8 16. Bf4 Rd8 17. Nxe6 Bxe6 18. Bxb8 Rxb8 19. Red1 h6 20. Rac1 Bd5 21. Rc5 Bc6 22. b4 a6 23. Rc4 Bb5 24. Rf4 Bxb4 25. Rxb4 Rc8 26. a4 Bc6 27. a5 Re8 28. h3 Nd5 29. Rbd4 Nc3 30. R1d3 Nb5 31. Rg4 Re1+ 32. Kh2 Re2 33. h4 Nc7 34. Rdg3 g6 35. h5 g5 36. f4 f6 37. fxg5 fxg5 38. Rd3 Kf7 39. Rb3 Ne6 40. Rgg3 Nf4 41. Rbe3 Rxe3 42. Rxe3 Nxg2 43. Rg3 Nf4 44. Rb3 Nxh5 45. Rh3 Kg6 46. Re3 Nf4 47. Re6+ Nxe6 {White resigns} 0-1

[Event "FICS rated standard game"]
[Site "FICS freechess.org"]
[FICSGamesDBGameNo "20003058"]
[White "transilvania"]
[Black "CISKO"]
[WhiteElo "1775"]
[BlackElo "1544"]
[WhiteRD "na"]
[BlackRD "na"]
[TimeControl "1200+5"]
[Date "1999.10.25"]
[Time "17:33:00"]
[WhiteClock "0:20:00.000"]
[BlackClock "0:20:00.000"]
[ECO "D06"]
[PlyCount "65"]
[Result "1-0"]

1. d4 d5 2. c4 Bf5 3. cxd5 Qxd5 4. Nc3 Qd7 5. e4 Bg6 6. Nf3 e6 7. Ne5 Qe7 8. Nxg6 hxg6 9. Bb5+ Nd7 10. O-O O-O-O 11. Qa4 Kb8 12. Bf4 Nb6 13. Qd1 a6 14. Be2 f5 15. Bf3 Rh4 16. Bg3 Rh7 17. Rc1 Rd7 18. Ne2 Nf6 19. exf5 gxf5 20. Qb3 Nbd5 21. Rc6 Qb4 22. Qxb4 Nxb4 23. Rxe6 Nxa2 24. h3 Rh6 25. Be5 Bd6 26. Ng3 Bxe5 27. dxe5 Nh5 28. Rxh6 Nxg3 29. Rh8+ Ka7 30. fxg3 Rd2 31. Re1 Nb4 32. e6 Nc6 33. Bxc6 {Black resigns} 1-0

[Event "FICS rated blitz game"]
[Site "FICS freechess.org"]
[FICSGamesDBGameNo "20003057"]
[White "gainsbourg"]
[Black "imsaboy"]
[WhiteElo "1684"]
[BlackElo "1645"]
[WhiteRD "na"]
[BlackRD "na"]
[TimeControl "180+0"]
[Date "1999.10.25"]
[Time "17:07:00"]
[WhiteClock "0:03:00.000"]
[BlackClock "0:03:00.000"]
[ECO "D01"]
[PlyCount "84"]
[Result "1-0"]

1. d4 Nf6 2. Nc3 d5 3. Bg5 c6 4. f3 e6 5. e4 Bb4 6. e5 Bxc3+ 7. bxc3 h6 8. exf6 hxg5 9. fxg7 Rg8 10. Bd3 Qf6 11. Ne2 Rxg7 12. O-O g4 13. fxg4 Nd7 14. Rxf6 Nxf6 15. h3 Bd7 16. Nf4 O-O-O 17. Nh5 Nxh5 18. gxh5 e5 19. Kh1 e4 20. Bf1 Rg3 21. Qd2 Rh8 22. Qe2 Rxc3 23. Rb1 f5 24. Rb3 Rc4 25. Rg3 f4 26. Rg7 f3 27. gxf3 exf3 28. Qxf3 Rxc2 29. Qf7 Rd8 30. Rg8 Rxa2 31. Rxd8+ Kxd8 32. Qf8+ Kc7 33. h6 Ra1 34. Kg2 c5 35. dxc5 Ra2+ 36. Kg3 Ra3+ 37. Kh4 Ra4+ 38. Kg5 Re4 39. h7 Re5+ 40. Kf4 Rh5 41. h8=Q Rf5+ 42. Qxf5 Bxf5 {Black resigns} 1-0

[Event "FICS rated blitz game"]
[Site "FICS freechess.org"]
[FICSGamesDBGameNo "20003056"]
[White "sofus"]
[Black "bondra"]
[WhiteElo "1752"]
[BlackElo "1726"]
[WhiteRD "na"]
[BlackRD "na"]
[TimeControl "180+0"]
[Date "1999.10.25"]
[Time "16:59:00"]
[WhiteClock "0:03:00.000"]
[BlackClock "0:03:00.000"]
[ECO "B40"]
[PlyCount "56"]
[Result "0-1"]

1. e4 c5 2. Nf3 Nc6 3. b3 e6 4. Bb2 d6 5. Be2 Nf6 6. d3 Be7 7. Nbd2 O-O 8. O-O b5 9. c3 a5 10. d4 Ba6 11. c4 bxc4 12. Bxc4 Bxc4 13. bxc4 cxd4 14. Nxd4 Rc8 15. Qa4 Ne5 16. Ba3 Qb6 17. Nb5 Rfd8 18. Rab1 Qa6 19. Rfc1 Nc6 20. Qc2 Na7 21. Nxa7 Qxa7 22. Qd3 Ng4 23. Qf3 Ne5 24. Qe2 d5 25. exd5 Bxa3 26. dxe6 Bxc1 27. Qxe5 Bxd2 28. exf7+ Qxf7 {White resigns} 0-1

[Event "FICS rated blitz game"]
[Site "FICS freechess.org"]
[FICSGamesDBGameNo "20003055"]
[White "bonesy"]
[Black "Donster"]
[WhiteElo "1254"]
[BlackElo "1399"]
[WhiteRD "na"]
[BlackRD "na"]
[TimeControl "60+5"]
[Date "1999.10.25"]
[Time "16:50:00"]
[WhiteClock "0:01:00.000"]
[BlackClock "0:01:00.000"]
[ECO "C50"]
[PlyCount "60"]
[Result "0-1"]

1. e4 e5 2. Nf3 Nf6 3. Nc3 Nc6 4. Bc4 Bc5 5. O-O O-O 6. d3 h6 7. a3 Ng4 8. b4 Bb6 9. Nd5 Kh8 10. Nxb6 axb6 11. Bb2 d6 12. d4 f5 13. dxe5 fxe4 14. Nd4 Ncxe5 15. Ne6 Bxe6 16. Bxe6 c6 17. Bxg4 Nxg4 18. Qxg4 Qe7 19. Rae1 d5 20. f3 c5 21. fxe4 Rxf1+ 22. Rxf1 dxe4 23. Re1 e3 24. Qf3 Re8 25. h4 Kh7 26. h5 c4 27. Qf5+ Kg8 28. g4 Qd6 29. Qf3 Qd2 30. Bc1 Qxe1+ {White resigns} 0-1

[Event "FICS rated blitz game"]
[Site "FICS freechess.org"]
[FICSGamesDBGameNo "20003054"]
[White "sidereal"]
[Black "pacha"]
[WhiteElo "1684"]
[BlackElo "1801"]
[WhiteRD "na"]
[BlackRD "na"]
[TimeControl "180+0"]
[Date "1999.10.25"]
[Time "16:45:00"]
[WhiteClock "0:03:00.000"]
[BlackClock "0:03:00.000"]
[ECO "B01"]
[PlyCount "111"]
[Result "1/2-1/2"]

1. e4 d5 2. exd5 Nf6 3. d4 Nxd5 4. c4 Nb6 5. Nc3 e5 6. Nf3 exd4 7. Qxd4 Qxd4 8. Nxd4 Bb4 9. Bd2 O-O 10. O-O-O a6 11. a3 Bc5 12. Be3 Nc6 13. b4 Bxd4 14. Bxd4 Nxd4 15. Rxd4 Be6 16. Be2 Rad8 17. Rhd1 Rxd4 18. Rxd4 Nd7 19. Bf3 c6 20. Ne4 Nb6 21. c5 Nd5 22. Nd6 Rb8 23. Be4 h6 24. g3 Kf8 25. f4 f6 26. Bf5 Bxf5 27. Nxf5 Re8 28. Kd2 h5 29. Nd6 Re7 30. Re4 Rxe4 31. Nxe4 Kf7 32. Nd6+ Ke6 33. Nxb7 Kf5 34. Nd8 Ne7 35. Kd3 Kg4 36. Kc4 Kh3 37. a4 Kxh2 38. b5 cxb5+ 39. axb5 axb5+ 40. Kxb5 Kxg3 41. Ne6 h4 42. Nxg7 h3 43. Nh5+ Kg4 44. Nxf6+ Kxf4 45. Nh5+ Kg5 46. Ng3 Kg4 47. Ne2 h2 48. c6 Nxc6 49. Kxc6 h1=Q+ 50. Kc5 Qe4 51. Nd4 Qe3 52. Kd5 Kg5 53. Ne6+ Kf6 54. Nd4 Qe5+ 55. Kc4 Kg7 56. Kd3 {Black ran out of time and White has no material to mate} 1/2-1/2

[Event "FICS rated lightning game"]
[Site "FICS freechess.org"]
[FICSGamesDBGameNo "20003053"]
[White "vieque"]
[Black "Ladya"]
[WhiteElo "1617"]
[BlackElo "1343"]
[WhiteRD "na"]
[BlackRD "na"]
[TimeControl "120+0"]
[Date "1999.10.25"]
[Time "16:22:00"]
[WhiteClock "0:02:00.000"]
[BlackClock "0:02:00.000"]
[ECO "B01"]
[PlyCount "57"]
[Result "1-0"]

1. e4 d5 2. exd5 Nf6 3. d4 Bg4 4. f3 Bf5 5. c4 e6 6. dxe6 Bxe6 7. d5 Bf5 8. Nc3 Qe7+ 9. Be2 g6 10. Bg5 Bg7 11. Qd4 O-O 12. O-O-O Ng4 13. Bxe7 Bxd4 14. Bxf8 Nf2 15. Rxd4 Nxh1 16. Bh6 Nf2 17. g4 Bd7 18. Be3 Nxg4 19. fxg4 c6 20. h4 f5 21. gxf5 Bxf5 22. h5 Nd7 23. hxg6 hxg6 24. dxc6 Nf6 25. cxb7 Rb8 26. Rd8+ Kg7 27. Rxb8 Ne4 28. Nxe4 Bxe4 29. Rg8+ {Black resigns} 1-0

[Event "FICS rated blitz game"]
[Site "FICS freechess.org"]
[FICSGamesDBGameNo "20003051"]
[White "nonspiego"]
[Black "MoveWatcher"]
[WhiteElo "2061"]
[BlackElo "1655"]
[WhiteRD "na"]
[BlackRD "na"]
[TimeControl "180+0"]
[Date "1999.10.25"]
[Time "16:15:00"]
[WhiteClock "0:03:00.000"]
[BlackClock "0:03:00.000"]
[ECO "B50"]
[PlyCount "55"]
[Result "1-0"]

1. e4 c5 2. Nf3 d6 3. c3 Nf6 4. Bd3 e5 5. h3 Nc6 6. O-O Be7 7. Re1 Be6 8. Bc2 Qd7 9. d4 cxd4 10. cxd4 exd4 11. Nxd4 O-O-O 12. Nc3 Kb8 13. Bf4 Ka8 14. Ba4 h6 15. Rc1 g5 16. Bh2 Rc8 17. Ncb5 a6 18. Nxc6 Rxc6 19. Nc3 b5 20. Bc2 Rhc8 21. Qd2 d5 22. exd5 Bxd5 23. Nxd5 Qxd5 24. Qe2 Bc5 25. Bb3 Qd4 26. Rcd1 Qb4 27. Qf3 Ka7 28. Be5 {Black forfeits on time} 1-0

[Event "FICS rated lightning game"]
[Site "FICS freechess.org"]
[FICSGamesDBGameNo "20003049"]
[White "TheHydra"]
[Black "ifn"]
[WhiteElo "1850"]
[BlackElo "1669"]
[WhiteRD "na"]
[BlackRD "na"]
[TimeControl "60+0"]
[Date "1999.10.25"]
[Time "15:56:00"]
[WhiteClock "0:01:00.000"]
[BlackClock "0:01:00.000"]
[ECO "D05"]
[PlyCount "68"]
[Result "0-1"]

1. d4 d5 2. Nf3 Nf6 3. e3 e6 4. Bd3 c5 5. c3 c4 6. Bc2 Bd7 7. h4 b5 8. Ne5 Nc6 9. Nxd7 Qxd7 10. Nd2 a6 11. Nf3 Bd6 12. h5 h6 13. a4 b4 14. Bd2 b3 15. Bb1 O-O 16. Qe2 Ne4 17. Bc1 f5 18. Nd2 Nxd2 19. Bxd2 Ne7 20. Qf3 Rf7 21. Ke2 Raf8 22. Qh3 f4 23. Qg4 f3+ 24. gxf3 Rxf3 25. Be1 Nc8 26. Qg6 R8f6 27. Qh7+ Kf8 28. Qh8+ Ke7 29. Qxg7+ Rf7 30. Qxh6 Qe8 31. Qg5+ Kd7 32. Rg1 Qf8 33. h6 Rxf2+ 34. Bxf2 Rxf2+ {White forfeits on time} 0-1

[Event "FICS rated blitz game"]
[Site "FICS freechess.org"]
[FICSGamesDBGameNo "20003048"]
[White "siamesedream"]
[Black "Chessnuts"]
[WhiteElo "1331"]
[BlackElo "1333"]
[WhiteRD "na"]
[BlackRD "na"]
[TimeControl "180+0"]
[Date "1999.10.25"]
[Time "15:53:00"]
[WhiteClock "0:03:00.000"]
[BlackClock "0:03:00.000"]
[ECO "C41"]
[PlyCount "141"]
[Result "1/2-1/2"]

1. e4 e5 2. Bc4 d6 3. Nf3 Bg4 4. h3 Bh5 5. g3 Bg6 6. g4 Bxe4 7. Ng5 Qxg5 8. d3 Qg6 9. dxe4 Qxe4+ 10. Qe2 Qxh1+ 11. Kd2 Qh2 12. Qf3 Qf4+ 13. Qxf4 exf4 14. Nc3 Nd7 15. Nd5 O-O-O 16. Nxf4 Ngf6 17. Bxf7 Ne5 18. Ne6 Rd7 19. Nxf8 Rxf8 20. Be6 Nf3+ 21. Ke2 Nd4+ 22. Kf1 Nxe6 23. c4 Nd4 24. Be3 Nc2 25. Rc1 Nxe3+ 26. fxe3 Ne4+ 27. Ke2 Ng3+ 28. Kd2 Rf2+ 29. Kc3 Ne4+ 30. Kb3 Nc5+ 31. Ka3 Nd3 32. Rc3 Nxb2 33. c5 dxc5 34. Rxc5 Rd3+ 35. Kb4 Nd1 36. e4 Rb2+ 37. Ka4 Rxa2+ 38. Kb5 Rb2+ 39. Kc4 Rc3+ 40. Kd4 Rxc5 41. Kxc5 Rh2 42. Kd4 Rxh3 43. Ke5 Rh4 44. Kf5 Ne3+ 45. Kf4 Nxg4 46. e5 h5 47. Kf5 Kd8 48. Ke6 Ne3 49. Kf7 a5 50. e6 Re4 51. Kxg7 a4 52. Kf6 a3 53. Kg5 a2 54. Kxh5 a1=Q 55. Kg6 Qg1+ 56. Kh5 Qg4+ 57. Kh6 Qxe6+ 58. Kg5 Qe5+ 59. Kg6 Qe6+ 60. Kg5 Qf5+ 61. Kh6 Rh4+ 62. Kg7 Qg4+ 63. Kf6 Nf5 64. Kf7 Qe4 65. Kg6 Qe7 66. Kxf5 Rg4 67. Kxg4 Qg5+ 68. Kf3 c6 69. Ke4 Qf5+ 70. Kxf5 c5 71. Ke4 {Black ran out of time and White has no material to mate} 1/2-1/2

[Event "FICS rated blitz game"]
[Site "FICS freechess.org"]
[FICSGamesDBGameNo "20003047"]
[White "pacip"]
[Black "lell"]
[WhiteElo "1601"]
[BlackElo "1711"]
[WhiteRD "na"]
[BlackRD "na"]
[TimeControl "240+0"]
[Date "1999.10.25"]
[Time "15:46:00"]
[WhiteClock "0:04:00.000"]
[BlackClock "0:04:00.000"]
[ECO "D02"]
[PlyCount "47"]
[Result "1-0"]

1. d4 d5 2. Nf3 e6 3. Bf4 f5 4. e3 Nf6 5. Be2 Be7 6. O-O O-O 7. Ne5 c5 8. c3 Nc6 9. Nd2 Qe8 10. Ndf3 Ne4 11. Nxc6 bxc6 12. Ne5 c4 13. Bh5 g6 14. Be2 c5 15. f3 Nf6 16. Bh6 cxd4 17. Bxf8 Qxf8 18. exd4 Rb8 19. Qd2 a5 20. h4 a4 21. Nc6 Rb6 22. Nxe7+ Qxe7 23. Qg5 Kg7 24. h5 {Black resigns} 1-0

[Event "FICS rated blitz game"]
[Site "FICS freechess.org"]
[FICSGamesDBGameNo "20003046"]
[White "kaiposs"]
[Black "CanalGrande"]
[WhiteElo "1392"]
[BlackElo "1174"]
[WhiteRD "na"]
[BlackRD "na"]
[TimeControl "180+12"]
[Date "1999.10.25"]
[Time "15:26:00"]
[WhiteClock "0:03:00.000"]
[BlackClock "0:03:00.000"]
[ECO "E24"]
[PlyCount "107"]
[Result "1-0"]

1. d4 Nf6 2. c4 e6 3. Nc3 Bb4 4. a3 Bxc3+ 5. bxc3 d6 6. Bg5 Nbd7 7. e4 e5 8. f4 exf4 9. Ne2 O-O 10. Nxf4 Qe8 11. Bd3 Nxe4 12. Bxe4 Qxe4+ 13. Qe2 Qxe2+ 14. Nxe2 Re8 15. Kd2 Nb6 16. Kd3 Bf5+ 17. Kd2 Nxc4+ 18. Kd1 Bg4 19. Re1 Nb2+ 20. Kd2 Nc4+ 21. Kd3 d5 22. h3 Re3+ 23. Bxe3 Bxe2+ 24. Rxe2 Re8 25. Rae1 Nxa3 26. Bf4 Rxe2 27. Rxe2 h6 28. Bxc7 Nc4 29. Re8+ Kh7 30. g4 a5 31. Ra8 b6 32. Kc2 Kg6 33. Kb3 Kg5 34. Rb8 Kh4 35. Bxb6 Kxh3 36. Ka4 Kxg4 37. Bxa5 h5 38. Rb5 Ne3 39. Bc7 f5 40. Kb4 g5 41. Rb8 f4 42. Rf8 h4 43. Kb3 h3 44. Rh8 Kg3 45. c4 g4 46. c5 Kg2 47. Bxf4 Nc4 48. c6 g3 49. c7 Nb6 50. Kb4 h2 51. Kb5 Na8 52. c8=Q h1=Q 53. Rxh1 Kxh1 54. Qh3+ {Black resigns} 1-0

[Event "FICS rated blitz game"]
[Site "FICS freechess.org"]
[FICSGamesDBGameNo "20003044"]
[White "joakim"]
[Black "hassel"]
[WhiteElo "1862"]
[BlackElo "1921"]
[WhiteRD "na"]
[BlackRD "na"]
[TimeControl "300+0"]
[Date "1999.10.25"]
[Time "14:55:00"]
[WhiteClock "0:05:00.000"]
[BlackClock "0:05:00.000"]
[ECO "B41"]
[PlyCount "55"]
[Result "1-0"]

1. e4 c5 2. Nf3 a6 3. c4 e6 4. d4 cxd4 5. Nxd4 Nf6 6. Nc3 Bb4 7. Bd3 Nc6 8. Be3 Qa5 9. Qd2 Ng4 10. Nb3 Bxc3 11. bxc3 Qc7 12. Bf4 e5 13. Bg5 f6 14. h3 fxg5 15. hxg4 h6 16. c5 Na5 17. Qe3 O-O 18. Nxa5 Qxa5 19. Bc4+ Kh7 20. O-O d5 21. exd5 Bxg4 22. d6 Rac8 23. Bd3+ Bf5 24. Bxf5+ Rxf5 25. Qe4 g6 26. Qxb7+ Kg8 27. Qxc8+ Rf8 28. Qe6+ {Black resigns} 1-0

[Event "FICS rated blitz game"]
[Site "FICS freechess.org"]
[FICSGamesDBGameNo "20003043"]
[White "FrontaLobotomy"]
[Black "andrehazes"]
[WhiteElo "1572"]
[BlackElo "1437"]
[WhiteRD "na"]
[BlackRD "na"]
[TimeControl "180+0"]
[Date "1999.10.25"]
[Time "14:35:00"]
[WhiteClock "0:03:00.000"]
[BlackClock "0:03:00.000"]
[ECO "D43"]
[PlyCount "77"]
[Result "1-0"]

1. d4 d5 2. c4 e6 3. Nc3 Nf6 4. Bg5 Be7 5. Nf3 c6 6. e3 h6 7. Bxf6 Bxf6 8. cxd5 cxd5 9. Rc1 O-O 10. Bd3 a6 11. O-O Nc6 12. a3 e5 13. dxe5 Nxe5 14. Nxe5 Bxe5 15. Qd2 d4 16. Na4 dxe3 17. Qxe3 Re8 18. Qf3 b5 19. Nc3 Re7 20. Rfd1 Bb7 21. Bh7+ Kxh7 22. Rxd8 Bxf3 23. Rxa8 Bxa8 24. h3 Bxc3 25. Rxc3 g5 26. Rc8 Be4 27. Rc5 f6 28. f3 Bb7 29. Kf2 Re5 30. Rc7+ Kg6 31. Rxb7 f5 32. Rb6+ Kg7 33. Rxa6 Kf7 34. Ra5 Ke6 35. b4 Kd6 36. Ra6+ Ke7 37. Rxh6 Rd5 38. Ke2 Rd8 39. Rg6 {Black resigns} 1-0

[Event "FICS rated blitz game"]
[Site "FICS freechess.org"]
[FICSGamesDBGameNo "20003042"]
[White "Heim"]
[Black "Culpius"]
[WhiteElo "1425"]
[BlackElo "1523"]
[WhiteRD "na"]
[BlackRD "na"]
[TimeControl "300+0"]
[Date "1999.10.25"]
[Time "14:27:00"]
[WhiteClock "0:05:00.000"]
[BlackClock "0:05:00.000"]
[ECO "A02"]
[PlyCount "71"]
[Result "1-0"]

1. f4 d6 2. Nf3 Nc6 3. e3 e5 4. fxe5 Nxe5 5. Be2 Be7 6. O-O Nf6 7. b3 Be6 8. Bb2 Nxf3+ 9. Bxf3 c6 10. Qe1 Qb6 11. c4 Bxc4 12. bxc4 Qxb2 13. Nc3 Qb6 14. d4 O-O 15. Rb1 Qc7 16. e4 Rab8 17. Qg3 c5 18. d5 Rbe8 19. Rfe1 Qa5 20. Rbc1 a6 21. Re2 Qa3 22. Rec2 Qa5 23. Qf2 b5 24. cxb5 axb5 25. Rb1 b4 26. Ne2 Bd8 27. Ng3 Qa4 28. Qe2 Nxd5 29. Nf5 Nc3 30. Rxc3 bxc3 31. Nxd6 c2 32. Rc1 Re6 33. Nf5 Bb6 34. Qxc2 c4+ 35. Kh1 Qxc2 36. Rxc2 {Black forfeits on time} 1-0

[Event "FICS rated blitz game"]
[Site "FICS freechess.org"]
[FICSGamesDBGameNo "20003041"]
[White "SBGiffy"]
[Black "jdavis"]
[WhiteElo "1773"]
[BlackElo "1621"]
[WhiteRD "na"]
[BlackRD "na"]
[TimeControl "180+0"]
[Date "1999.10.25"]
[Time "14:11:00"]
[WhiteClock "0:03:00.000"]
[BlackClock "0:03:00.000"]
[ECO "C40"]
[PlyCount "33"]
[Result "1-0"]

1. e4 e5 2. Nf3 f5 3. Bc4 fxe4 4. Nxe5 Qg5 5. d4 Qxg2 6. Qh5+ g6 7. Bf7+ Kd8 8. Bxg6 Qxh1+ 9. Ke2 Nf6 10. Bg5 d5 11. Nf7+ Ke8 12. Nxh8+ hxg6 13. Qxg6+ Kd8 14. Bxf6+ Be7 15. Nf7+ Kd7 16. Ne5+ Kd8 17. Qg8# {Black checkmated} 1-0

[Event "FICS rated blitz game"]
[Site "FICS freechess.org"]
[FICSGamesDBGameNo "20003040"]
[White "Szabi"]
[Black "Heim"]
[WhiteElo "1338"]
[BlackElo "1433"]
[WhiteRD "na"]
[BlackRD "na"]
[TimeControl "300+0"]
[Date "1999.10.25"]
[Time "14:01:00"]
[WhiteClock "0:05:00.000"]
[BlackClock "0:05:00.000"]
[ECO "C44"]
[PlyCount "88"]
[Result "0-1"]

1. e4 e5 2. Nf3 Nc6 3. h3 Bc5 4. Bc4 d6 5. O-O Nf6 6. d3 Bd7 7. a3 Qc8 8. Ng5 O-O 9. Nxf7 Rxf7 10. Bxf7+ Kxf7 11. Kh2 Kg8 12. Nc3 Be6 13. Bg5 Qf8 14. f4 exf4 15. Rxf4 Bd4 16. Rf1 h6 17. Bd2 Be5+ 18. Kh1 Qe7 19. Qf3 Rf8 20. Qe2 Qe8 21. Rad1 Nh5 22. Rxf8+ Qxf8 23. Be1 Qe8 24. Nd5 Bg3 25. Nxc7 Qf7 26. Nxe6 Bxe1 27. Qxe1 Qxe6 28. Rd2 Qe5 29. Kg1 Nd4 30. Qh4 Ne6 31. c3 Nf6 32. Re2 Nf4 33. Re1 Nxd3 34. Rd1 Qc5+ 35. Kf1 Qb5 36. Kg1 Qc5+ 37. Kh2 Qe5+ 38. g3 Nf2 39. Rd2 N2xe4 40. Re2 Qxg3+ 41. Qxg3 Nxg3 42. Kxg3 Kf7 43. Rf2 Ke6 44. h4 Ne4+ {White forfeits on time} 0-1

[Event "FICS rated blitz game"]
[Site "FICS freechess.org"]
[FICSGamesDBGameNo "20003039"]
[White "Raiz"]
[Black "eskaju"]
[WhiteElo "1903"]
[BlackElo "1511"]
[WhiteRD "na"]
[BlackRD "na"]
[TimeControl "60+15"]
[Date "1999.10.25"]
[Time "13:49:00"]
[WhiteClock "0:01:00.000"]
[BlackClock "0:01:00.000"]
[ECO "D94"]
[PlyCount "93"]
[Result "1-0"]

1. d4 c6 2. c4 d5 3. Nf3 Nf6 4. Nc3 g6 5. e3 Bg7 6. Be2 O-O 7. O-O Bg4 8. h3 Bxf3 9. Bxf3 dxc4 10. Ne4 Nxe4 11. Bxe4 f5 12. Bc2 b5 13. Rb1 Qa5 14. a3 Nd7 15. Bd2 Qc7 16. b3 Nb6 17. Ba5 Qd7 18. bxc4 Nxc4 19. Bb3 Kh8 20. Bxc4 bxc4 21. Qc2 Qd5 22. Bb4 a5 23. Bxe7 Rfb8 24. Rxb8+ Rxb8 25. Rb1 Rb3 26. Bc5 Kg8 27. Be7 Bf8 28. Bxf8 Kxf8 29. Rxb3 cxb3 30. Qb2 Ke7 31. f3 Kd6 32. Kf2 Qc4 33. Ke1 Qc2 34. Qxc2 bxc2 35. Kd2 Kd5 36. Kxc2 c5 37. Kc3 cxd4+ 38. exd4 a4 39. g3 g5 40. h4 h6 41. hxg5 hxg5 42. g4 fxg4 43. fxg4 Ke4 44. Kc4 Kf4 45. d5 Kxg4 46. d6 Kf3 47. d7 {Black resigns} 1-0

[Event "FICS rated blitz game"]
[Site "FICS freechess.org"]
[FICSGamesDBGameNo "20003038"]
[White "Twiddle"]
[Black "geroellheimer"]
[WhiteElo "1541"]
[BlackElo "1711"]
[WhiteRD "na"]
[BlackRD "na"]
[TimeControl "180+0"]
[Date "1999.10.25"]
[Time "13:39:00"]
[WhiteClock "0:03:00.000"]
[BlackClock "0:03:00.000"]
[ECO "D41"]
[PlyCount "100"]
[Result "0-1"]

1. d4 d5 2. c4 e6 3. Nf3 Nf6 4. Nc3 c5 5. cxd5 exd5 6. Qb3 c4 7. Qc2 Nc6 8. Bg5 Bg4 9. e3 Be7 10. a3 h6 11. Bf4 Bh5 12. Be2 Bg6 13. Qd2 Ne4 14. Qc1 O-O 15. O-O a6 16. Nxe4 Bxe4 17. Nd2 Bg6 18. Bf3 b5 19. Re1 Qd7 20. Qc3 Rac8 21. e4 dxe4 22. Nxe4 Nxd4 23. Rad1 Nxf3+ 24. gxf3 Qb7 25. Qe3 Bxe4 26. fxe4 Bc5 27. Qg3 Kh8 28. Rd5 Rcd8 29. Rh5 Qc6 30. Bxh6 gxh6 31. Qe5+ Kh7 32. Qf5+ Qg6+ 33. Qxg6+ fxg6 34. Re5 Bd4 35. Re7+ Kg8 36. Re6 Bxf2+ 37. Kf1 Bxe1+ 38. Kxe1 Rde8 39. Rxg6+ Kh7 40. Rxa6 Rxe4+ 41. Kd2 Rd8+ 42. Kc3 Rd3+ 43. Kb4 Rb3+ 44. Kc5 Rxb2 45. Ra7+ Kg6 46. Ra6+ Kg5 47. Kd5 Rh4 48. Re6 Rhxh2 49. Re5+ Kf4 50. Re4+ Kf3 {White resigns} 0-1

[Event "FICS rated blitz game"]
[Site "FICS freechess.org"]
[FICSGamesDBGameNo "20003037"]
[White "Brx"]
[Black "Houmpha"]
[WhiteElo "1369"]
[BlackElo "1376"]
[WhiteRD "na"]
[BlackRD "na"]
[TimeControl "300+0"]
[Date "1999.10.25"]
[Time "13:35:00"]
[WhiteClock "0:05:00.000"]
[BlackClock "0:05:00.000"]
[ECO "E70"]
[PlyCount "92"]
[Result "1/2-1/2"]

1. d4 Nf6 2. c4 g6 3. Nc3 Bg7 4. e4 d6 5. Bg5 c5 6. d5 O-O 7. f4 e6 8. e5 dxe5 9. fxe5 exd5 10. exf6 Re8+ 11. Be2 Bxf6 12. Bxf6 Qxf6 13. Nf3 Nc6 14. O-O Bg4 15. Nxd5 Qxb2 16. Rf2 Bxf3 17. Bxf3 Qe5 18. Re2 Qd4+ 19. Qxd4 Nxd4 20. Rxe8+ Rxe8 21. Nf6+ Kf8 22. Nxe8 Kxe8 23. Bxb7 f5 24. Kf2 Kd7 25. Rd1 Ke6 26. Rd2 g5 27. Ke3 h5 28. Rxd4 cxd4+ 29. Kxd4 Kd6 30. c5+ Kc7 31. Bd5 Kd7 32. Ke5 f4 33. Kf5 f3 34. gxf3 g4 35. fxg4 hxg4 36. Kxg4 Kc7 37. h4 a5 38. h5 a4 39. h6 Kd7 40. a3 Kc7 41. h7 Kd7 42. h8=Q Kc7 43. Be4 Kd7 44. Bc2 Kc6 45. Bxa4+ Kxc5 46. Qe5+ Kc4 {White ran out of time and Black has no material to mate} 1/2-1/2

[Event "FICS rated blitz game"]
[Site "FICS freechess.org"]
[FICSGamesDBGameNo "20003035"]
[White "Summerwind"]
[Black "Houmpha"]
[WhiteElo "1323"]
[BlackElo "1389"]
[WhiteRD "na"]
[BlackRD "na"]
[TimeControl "300+0"]
[Date "1999.10.25"]
[Time "12:56:00"]
[WhiteClock "0:05:00.000"]
[BlackClock "0:05:00.000"]
[ECO "A02"]
[PlyCount "50"]
[Result "0-1"]

1. f4 d6 2. Nf3 Nf6 3. e3 g6 4. d4 Bg7 5. Bd3 c5 6. c3 cxd4 7. exd4 O-O 8. O-O Bg4 9. h3 Bd7 10. Nbd2 Nh5 11. Ne4 Bc6 12. Re1 Nd7 13. Qe2 Re8 14. g4 Nhf6 15. Ng3 Qc7 16. f5 e5 17. dxe5 dxe5 18. fxg6 hxg6 19. Ne4 Nxe4 20. Bxe4 Bxe4 21. Qxe4 Nf6 22. Qc2 e4 23. Ng5 Qg3+ 24. Kf1 e3 25. Qb3 Qf2# {White checkmated} 0-1

[Event "FICS rated blitz game"]
[Site "FICS freechess.org"]
[FICSGamesDBGameNo "20003034"]
[White "BooRadley"]
[Black "AndrewD"]
[WhiteElo "1359"]
[BlackElo "1223"]
[WhiteRD "na"]
[BlackRD "na"]
[TimeControl "120+12"]
[Date "1999.10.25"]
[Time "12:08:00"]
[WhiteClock "0:02:00.000"]
[BlackClock "0:02:00.000"]
[ECO "A56"]
[PlyCount "51"]
[Result "1-0"]

1. d4 Nf6 2. c4 c5 3. d5 d6 4. Nf3 b5 5. a4 bxc4 6. Nc3 Ba6 7. e4 g6 8. Qc2 Bg7 9. Bd2 O-O 10. Nb5 Bc8 11. Bxc4 a6 12. Nc3 Nbd7 13. Bf4 Nb6 14. Be2 Bd7 15. a5 Nc8 16. O-O Ng4 17. h3 Ne5 18. Nxe5 Bxe5 19. Bh6 Re8 20. Kh1 e6 21. f4 Bd4 22. Bg4 exd5 23. Bxd7 Qxd7 24. Nxd5 Re6 25. f5 Re5 26. Nf6+ {Black resigns} 1-0